 Dungeon Crawl Stone Soup version 0.31.0-11-ge490571c62 (webtiles) character file.

Game seed: 3351178420338524895

772 hikkokomori the Shooter (level 8, -10/53 (62) HPs)
             Began as a Formicid Wanderer on Feb 3, 2024.
             Was a Plaything of Xom.
             Mangled by an orange demon (11 damage)
             ... summoned by Xom
             ... on level 5 of the Dungeon.
             The game lasted 00:12:07 (4685 turns).

hikkokomori the Shooter (Formicid Wanderer)         Turns: 4685, Time: 00:12:08

HP:   -10/53 (62)   AC:  4    Str: 13    XL:     8   Next: 9%
MP:   11/11         EV: 10    Int:  8    God:    Xom [......]
Gold: 232           SH: 10    Dex: 22    Spells: 9/11 levels left

rFire   + + +        b - +9 dagger of Bugagamya {heavy, *Noise rF+++ Will+++ Dex-3}
rCold   . . .        z - +0 buckler
rNeg    . . .        d - +0 leather armour
rPois   +            (helmet unavailable)
rElec   +            (no cloak)
rCorr   +            (no gloves)
SInv    +            B - +0 pair of boots
Will    ++++.        f - amulet of reflection
Stlth   +            g - ring of resist corrosion
HPRegen 0.28/turn    i - ring of poison resistance
MPRegen 0.12/turn

%: reflection
@: on fire, glowing, heavily drained
A: permanent stasis, dig shafts and tunnels, antennae 3, four strong arms, agile
1, strong-willed 1, mutation resistance 1, electricity resistance
a: Dig, Shaft Self, Renounce Religion


You were on level 5 of the Dungeon.
You worshipped Xom.
You were a very special plaything of Xom.
You visited 1 branch of the dungeon, and saw 6 of its levels.

You collected 232 gold pieces.

Inventory:

Hand Weapons
 a - a +3 sling
 b - the +9 dagger of Bugagamya (weapon) {heavy, *Noise rF+++ Will+++ Dex-3}
   (You found it on level 3 of the Dungeon)

   Dex-3:     It affects your dexterity (-3).
   rF+++:     It renders you almost immune to fire.
   Will+++:   It greatly increases your willpower.
   *Noise:    It may make a loud noise when swung.
 q - a +0 flail
Missiles
 l - a throwing net
Armour
 d - a +0 leather armour (worn)
 z - a +0 buckler (worn)
 A - a +0 tower shield
 B - a +0 pair of boots (worn)
Jewellery
 f - an amulet of reflection (around neck)
 g - a ring of resist corrosion (left hand)
 i - a ring of poison resistance (right hand)
Wands
 p - a wand of roots (8)
 x - a wand of light (13)
Scrolls
 e - 4 scrolls of teleportation
 j - 3 scrolls of poison
 r - a scroll of amnesia {unknown}
 s - a scroll of immolation
 t - a scroll of fog {unknown}
 v - a scroll of enchant weapon {unknown}
 w - a scroll of revelation
 y - a scroll of noise {unknown}
 C - a scroll of vulnerability
Potions
 c - 2 potions of might
 h - 3 potions of enlightenment
 k - a potion of magic
 m - 3 potions of mutation {unknown}
 n - a potion of lignification {unknown}
 o - a potion of curing {unknown}
 u - a potion of berserk rage {unknown}


   Skills:
 + Level 5.1 Fighting
 + Level 2.8 Short Blades
 + Level 5.8 Ranged Weapons
 - Level 1.1 Armour
 - Level 3.8 Stealth
 + Level 0.2 Shields
 + Level 2.0 Spellcasting
 + Level 2.3 Hexes
 + Level 2.1 Ice Magic
 - Level 2.1 Invocations


You had 9 spell levels left.
You knew the following spells:

 Your Spells              Type           Power      Damage    Failure   Level
a - Ensorcelled Hibernat  Hex/Ice        8%         N/A       36%         2

Your spell library contained the following spells:

 Spells                   Type           Power      Damage    Failure   Level
 Foxfire                  Conj/Fire      0%         2x1d4     54%         1
 Tukima's Dance           Hex            4%         N/A       58%         3
 Fugue of the Fallen      Necr           0%         N/A       88%         3
 Passwall                 Erth           0%         N/A       88%         3
 Anguish                  Hex/Necr       1%         N/A       98%         4
 Passage of Golubria      Tloc           0%         N/A       99%         4
 Yara's Violent Unravell  Hex/Alch       1%         3d3       100%        5
 Plasma Beam              Fire/Air       0%         2x1d10    100%        6
 Starburst                Conj/Fire      0%         6d3       100%        6
 Swiftness                Air            Unusable   N/A       N/A         3

Dungeon Overview and Level Annotations

Branches:
Dungeon (6/15)
 Temple: D:4-7

Altars:
Fedhas
Wu Jian
Xom


Innate Abilities, Weirdness & Mutations

You cannot be hasted, slowed, berserked, paralysed or teleported.
You can dig through walls and to a lower floor.
You have a pair of large antennae on your head. (SInv)
Your four strong arms can wield two-handed weapons with a shield.
You are agile. (Dex +4, Str/Int -1)
You are strong-willed. (Will+)
You are somewhat resistant to further mutation.
You are resistant to electric shocks. (rElec)


Message History

The smoke demon hits you but does no damage.
The smoke demon hits you.
The smoke demon hits you but does no damage.
The orange demon stings you from afar.
You shoot a sling bullet. The sling bullet hits the smoke demon!
The smoke demon is moderately wounded.
You block the orange demon's attack. The smoke demon gestures at you.
The pyre arrow hits you.
You are covered in intense liquid fire!
You shoot a sling bullet.
The sling bullet barely misses the smoke demon.
The sling bullet hits the water moccasin.
The water moccasin is heavily wounded.
The liquid fire burns you! You block the orange demon's attack.
The shadow imp shouts, "Despair, thou peaked two-tin-hat pissant!"
You block the smoke demon's attack. The smoke demon closely misses you.
The smoke demon hits you but does no damage.
You shoot a sling bullet. The sling bullet hits the smoke demon.
The smoke demon is heavily wounded.
The liquid fire burns you! The orange demon stings you from afar.
* * * LOW HITPOINT WARNING * * *
The smoke demon gestures at you. The ball of steam hits you!
* * * LOW HITPOINT WARNING * * *
Unknown command.
Unknown command.
Unknown command.
Unknown command.
Okay, then.
Unknown command.
You feel clumsy.
b - the +9 dagger of Bugagamya (weapon)
{heavy, *Noise rF+++ Will+++ Dex-3} The liquid fire burns you!
* * * LOW HITPOINT WARNING * * *
The orange demon stings you from afar!
You die...
Xom chuckles heartily!

# .. ############ ...
#..........# ....
#..........# .....
#..........#
.....4#######..........#
...†5S3@§§....>........#
.....5#######..........#
.# ##### #..........# .#{
#..........# .#
#..........# .
#..).......# #)[........#
##############).........#
..............#.........#


You could see an orange demon (summoned), a smoke demon (summoned), a water
moccasin, a white imp (summoned) and a shadow imp (summoned).

Vanquished Creatures
  A black bear (D:4)
  A phantom (D:5)
  2 hounds
  2 orc priests
  3 iguanas
  A sleepcap (D:5)
  4 orc wizards
  3 gnolls (D:5)
  9 adders
  A white imp (D:5)
  2 ufetubi (D:5)
  A ribbon worm (D:3)
  3 dart slugs
  26 orcs
  3 bats
  6 endoplasms
  A giant cockroach (D:4)
  7 goblins
  13 hobgoblins
  6 jackals
  5 quokkas
  5 ball pythons
  A frilled lizard (D:2)
  6 kobolds
  5 rats
117 creatures vanquished.

Vanquished Creatures (collateral kills)
  An iguana (D:5)
1 creature vanquished.

Grand Total: 118 creatures vanquished

Notes
Turn   | Place    | Note
-------+----------+-------------------------------------------
     0 | D:1      | hikkokomori the Formicid Wanderer began the quest for the
                  | Orb.
     0 | D:1      | hikkokomori set off with the following items: a +3 sling, a
                  | +0 short sword, a potion of might, a +0 leather armour.
     0 | D:1      | Reached XP level 1. HP: 16/16 MP: 2/2
    88 | D:1      | Reached skill level 1 in Stealth
    88 | D:1      | Reached XP level 2. HP: 23/23 MP: 3/3
   144 | D:1      | Reached XP level 3. HP: 28/28 MP: 4/4
   628 | D:2      | Found a faded altar of an unknown god.
   642 | D:2      | Prayed at the altar of an unknown god.
   642 | D:2      | Became a worshipper of Xom of Chaos
   674 | D:2      | Reached XP level 4. HP: 19/35 MP: 5/5
   699 | D:2      | XOM: silly message
   875 | D:2      | XOM: silly message
   899 | D:2      | XOM: noise
  1549 | D:3      | Reached XP level 5. HP: 41/41 MP: 6/6
  1787 | D:3      | Identified the +9 dagger of Bugagamya {heavy, *Noise rF+++
                  | Will+++ Dex-3}
  2115 | D:4      | Reached skill level 5 in Ranged Weapons
  2130 | D:4      | XOM: butterfly on damage
  2134 | D:4      | Reached XP level 6. HP: 31/48 MP: 7/7
  2314 | D:5      | Entered Level 5 of the Dungeon
  2371 | D:5      | HP: 2/48 [gnoll/+0 spear (2)]
  2373 | D:5      | XOM: summons friendly quasit
  2496 | D:5      | XOM: scenery: 1 doors open
  2622 | D:5      | Learned a level 2 spell: Ensorcelled Hibernation
  2654 | D:5      | XOM: cast spell 'Fugue of the Fallen'
  2704 | D:5      | XOM: confuse monster(s)
  2745 | D:5      | Reached skill level 1 in Hexes
  2745 | D:5      | Reached XP level 7. HP: 55/55 MP: 8/8
  2835 | D:5      | XOM: polymorph hound -> goblin
  2865 | D:5      | XOM: scenery: summon butterflies
  2870 | D:5      | Reached skill level 1 in Spellcasting
  2870 | D:5      | Reached skill level 1 in Ice Magic
  2899 | D:5      | XOM: give mutation
  2899 | D:5      | Gained mutation: Potions are less effective at restoring
                  | your health. [Xom's mischief]
  3133 | D:4      | XOM: stat loss: -1 Int (8/9)
  3271 | D:4      | XOM: summons 1 hostile demon
  3656 | D:4      | Found a blossoming altar of Fedhas.
  3656 | D:4      | Found an ornate altar of the Wu Jian Council.
  3703 | D:4      | XOM: scenery: create altars
  3812 | D:4      | XOM: give mutations
  3812 | D:4      | Gained mutation: You are somewhat resistant to further
                  | mutation. [Xom's grace]
  3812 | D:4      | Gained mutation: You are agile. (Dex +4, Str/Int -1) [Xom's
                  | grace]
  3917 | D:4      | Reached skill level 5 in Fighting
  4274 | D:6      | Reached XP level 8. HP: 51/62 MP: 10/10
  4282 | D:5      | XOM: blink monster(s)
  4484 | D:4      | XOM: draining
  4603 | D:5      | XOM: give mutations
  4603 | D:5      | Gained mutation: You are resistant to electric shocks.
                  | (rElec) [Xom's mischief]
  4603 | D:5      | Gained mutation: You are strong-willed. (Will+) [Xom's
                  | mischief]
  4603 | D:5      | Lost mutation: Potions are less effective at restoring your
                  | health. [Xom's mischief]
  4676 | D:5      | XOM: summons 4 hostile demons
  4677 | D:5      | Noticed an orange demon
  4677 | D:5      | Noticed a smoke demon
  4677 | D:5      | XOM: blink monster(s)
  4684 | D:5      | HP: 2/53 [smoke demon/ball of steam[Xom] (9)]
  4685 | D:5      | Mangled by an orange demon

Illustrated notes

Levels and vault maps discovered:
D:1:      wander_arrival_abandoned_jail, layout_rooms, chequers_garden,
          corner_web_ring, columned_hall_lemuel
D:2:      layout_loops_cross, ebering_ecumenical_altar_box
D:3:      layout_loops_cross, nicolae_titane
D:4:      layout_layer_cave, gammafunk_temple_overflow_elements
D:5:      layout_basic, mainiacjoe_overflow_surrounded_room,
          minmay_quadrilaterals
D:6:      layout_basic, minmay_temple_entry_poolview, serial_curves,
          eino_curves_04, eino_curves_01, eino_curves_04, serial_shops,
          nicolae_shop_statue_plus

Skill      XL: |  1  2  3  4  5  6  7  8 |
---------------+-------------------------+-----
Stealth        | 1 2 3 |  3.8
Fighting       | 3 4 5 |  5.1
Ranged Weapons | 5 |  5.8
Short Blades   | 2 |  2.8
Hexes          | 1 2 |  2.3
Spellcasting   | 1 2 |  2.0
Ice Magic      | 2 |  2.1
Armour         | |  1.1
Shields        | |  0.2
Invocations    | |  2.1

Action                     |  1- 3 |  4- 6 |  7- 9 || total
---------------------------+-------+-------+-------++-------
  Melee: Dagger            |       |     5 |       ||     5
   Fire: Sling             |    70 |   152 |   167 ||   389
  Evoke: Wand              |       |     2 |       ||     2
    Use: Scroll            |       |     5 |     2 ||     7
         Potion            |       |     1 |       ||     1
 Armour: Leather armour    |     9 |    36 |    73 ||   118
  Dodge: Dodged            |    18 |    26 |    51 ||    95
  Block: Other             |       |     9 |    19 ||    28
         Reflection        |       |       |     2 ||     2
         Buckler           |       |       |    12 ||    12
